 Dungeon Crawl Stone Soup version 0.19.3-4-gbf9329e (webtiles) character file.

98 Alarkh the Chopper (level 4, -6/35 HPs)
             Began as a Demonspawn Monk on Jan 28, 2017.
             Mangled by Robin
             ... wielding a +3 dagger of electrocution
              (20 damage)
             ... on level 2 of the Dungeon.
             The game lasted 00:01:56 (1871 turns).

Alarkh the Chopper (Demonspawn Monk)                Turns: 1871, Time: 00:01:57

Health: -6/35      AC:  4    Str: 10 (12) XL:     4   Next: 43%
Magic:  4/4        EV: 13    Int: 10 (12) God:
Gold:   78         SH:  0    Dex: 14 (15) Spells: 0 memorised, 3 levels left

rFire  + . .     SeeInvis .     a - +0 hand axe
rCold  . . .     Gourm    .     b - +0 robe
rNeg   . . .     Faith    .     (no shield)
rPois  .         Spirit   .     (no helmet)
rElec  .         Reflect  .     (no cloak)
rCorr  .         Harm     .     (no gloves)
MR     .....                    (no boots)
Stlth  ++........               (no amulet)
                                (no ring)
                                l - ring of protection from fire

@: flying
A: molten scales 1, demonic guardian 1
a: no special abilities


You were on level 2 of the Dungeon.
You were not hungry.

You visited 1 branch of the dungeon, and saw 2 of its levels.

You collected 78 gold pieces.

Inventory:

Hand Weapons
 a - a +0 hand axe (weapon)
Armour
 b - a +0 robe (worn)
Jewellery
 l - a ring of protection from fire (left hand)
Scrolls
 e - 3 scrolls of teleportation {unknown}
 m - a scroll of amnesia {unknown}
Potions
 f - a potion of heal wounds
 j - a potion of curing
Comestibles
 c - a bread ration
 g - a slice of pizza
 h - 2 beef jerkies
 i - 4 chunks of flesh


   Skills:
 - Level 3.0 Fighting
 + Level 4.8 Axes
 - Level 2.6 Dodging
 - Level 1.7 Stealth


You had 3 spell levels left.
You didn't know any spells.

Dungeon Overview and Level Annotations

Branches:
Dungeon (2/15)

Altars:
Nemelex Xobeh

Annotations:
D:2 Robin


Innate Abilities, Weirdness & Mutations

You are partially covered in molten scales. (AC +2)
A weak demonic guardian rushes to your aid.


Message History

A hobgoblin comes into view. It is wielding a club.
You closely miss Robin. You closely miss the goblin.
The hobgoblin shouts!
Robin roars a battlecry!
The hobgoblin goes into a battle-frenzy!
The goblin barely misses you.
Robin roars a battlecry!
The hobgoblin goes into a battle-frenzy!
A hobgoblin comes into view.
You closely miss the goblin. You barely miss Robin. The goblin hits you.
Your ufetubus hits the goblin.
The goblin dies!
Robin closely misses you.
Unknown command.
You hit Robin.
Robin is moderately wounded.
Robin hits you with a dagger of electrocution.
You are electrocuted!
Ouch! That really hurt!
You die... ### .. ♣♣)♣ #. ♣)PP♣ .####. ♣P♣PP

...... #
#.... .####.
.###.... #.
#.#
#...#########
#. #.#
#..5@gggg.g.
#. #.#
####)####g###
#. #.#
#.......# #.
#.###.⌠...⌠.#
#.
#...#.......#
..
#.#.')..⌠...+
##
#.###.......#
#.###.⌠...⌠.#
#.÷.#.......#


You could see Robin, 3 hobgoblins, 2 goblins and a friendly ufetubus.

Vanquished Creatures
  2 gnolls (D:2)
  An adder (D:2)
  2 oozes
  A dart slug (D:2)
  5 leopard geckos
  An orc (D:2)
  A ball python (D:1)
  6 bats
  3 giant cockroaches
  7 goblins
  4 hobgoblins
  11 kobolds
  2 quokkas (D:2)
  A frilled lizard (D:1)
  A rat (D:1)
48 creatures vanquished.

Vanquished Creatures (collateral kills)
  A goblin (D:2)
1 creature vanquished.

Grand Total: 49 creatures vanquished

Notes
Turn   | Place    | Note
-------+----------+-------------------------------------------
     0 | D:1      | Alarkh the Demonspawn Monk began the quest for the Orb.
     0 | D:1      | Reached XP level 1. HP: 18/18 MP: 1/1
    63 | D:1      | Reached skill level 3 in Axes
   102 | D:1      | Gained mutation: A weak demonic guardian rushes to your aid. [demonic ancestry]
   102 | D:1      | Reached XP level 2. HP: 24/24 MP: 2/2
   246 | D:1      | You fall through a shaft!
   549 | D:2      | Reached XP level 3. HP: 24/29 MP: 3/3
   594 | D:2      | Found a sparkling altar of Nemelex Xobeh.
   607 | D:2      | Reached skill level 4 in Axes
  1114 | D:2      | Gained mutation: You are partially covered in molten scales. (AC +2) [demonic ancestry]
  1114 | D:2      | Reached XP level 4. HP: 22/35 MP: 4/4
  1859 | D:2      | Noticed Robin
  1871 | D:2      | Mangled by Robin

Skill      XL: |  1  2  3 |
---------------+----------+-----
Axes           | 3 4 |  4.8
Fighting       | |  3.0
Dodging        | |  2.6
Stealth        | |  1.7

Action                   |  1- 3 |  4- 6 || total
-------------------------+-------+-------++-------
Melee: Hand axe          |   104 |    89 ||   193
  Use: Potion            |     1 |     3 ||     4
 Stab: Sleeping          |     7 |     2 ||     9
       Distracted        |       |     1 ||     1
  Eat: Chunk             |     1 |     2 ||     3
Armor: Robe              |    13 |    22 ||    35
Dodge: Dodged            |    57 |    54 ||   111
